 Dungeon Crawl Stone Soup version 0.23.0 (webtiles) character file.

Game seed: 12597781508199501904

119 Borgoz the Chopper (level 5, -1/32 HPs)
             Began as a Gargoyle Gladiator on Feb 9, 2019.
             Killed from afar by an orc wizard (11 damage)
             ... with a magic dart
             ... on level 3 of the Dungeon.
             The game lasted 00:03:11 (2337 turns).

Borgoz the Chopper (Gargoyle Gladiator)             Turns: 2337, Time: 00:03:11

Health: -1/32      AC:  8    Str: 17    XL:     5   Next: 3%
Magic:  5/5        EV: 13    Int:  9    God:
Gold:   210        SH:  0    Dex: 12    Spells: 4/4 levels left

rFire    . . .     SeeInvis .   a - +0 war axe
rCold    . . .     Gourm    .   (no shield)
rNeg     + . .     Faith    .   b - +0 leather armour
rPois    ∞         Spirit   .   c - +0 helmet
rElec    +         Reflect  .   (no cloak)
rCorr    .         Harm     .   (no gloves)
MR       .....                  (no boots)
Stlth    ..........             (no amulet)
HPRegen  0.10/turn              e - ring of attention (curse)
MPRegen  0.09/turn              o - ring of flight

@: no status effects
A: negative energy resistance 1, electricity resistance, unbreathing,
petrification resistance, rot immunity, AC +4
a: Evoke Flight


You were on level 3 of the Dungeon.
You were not hungry.

You visited 1 branch of the dungeon, and saw 3 of its levels.

You collected 210 gold pieces.

Inventory:

Hand Weapons
 a - a +0 war axe (weapon)
Missiles
 d - 3 throwing nets (quivered)
 i - 21 poisoned needles
Armour
 b - a +0 leather armour (worn)
 c - a +0 helmet (worn)
Jewellery
 e - a cursed ring of attention (left hand)
 o - a ring of flight (right hand)
Scrolls
 h - 2 scrolls of identify {unknown}
 j - a scroll of amnesia {unknown}
 k - a scroll of enchant weapon {unknown}
 l - 3 scrolls of remove curse {unknown}
Potions
 g - 2 potions of brilliance {unknown}
 m - a potion of mutation {unknown}
Comestibles
 f - 5 rations
 n - 2 chunks of flesh


   Skills:
 + Level 3.0 Fighting
 + Level 3.5 Axes
 - Level 1.7 Throwing
 + Level 1.8 Armour
 + Level 3.2 Dodging


You had 4 spell levels left.
You didn't know any spells.
Your spell library was empty.

Dungeon Overview and Level Annotations

Branches:
Dungeon (3/15)

Altars:
Cheibriados


Innate Abilities, Weirdness & Mutations

You are resistant to torment.
Your stone body is resilient. (AC +4)
You are immune to poison.
You resist negative energy. (rN+)
You are resistant to electric shocks. (rElec)
You can survive without breathing.
You are immune to petrification.
You are immune to rotting.


Message History

The magic dart hits you but does no damage.
Something hits you but does no damage.
You barely miss something.
You hear some strange, mumbled words.
Something tries to affect you, but you resist.
You closely miss something.
Something hits you but does no damage. x2
You miss something. Something hits you.
You miss something. Something barely misses you.
You hit something but do no damage.
You hear some strange, mumbled words.
A magic dart appears from out of thin air!
The magic dart hits you but does no damage.
You hear some strange, mumbled words.
A magic dart appears from out of thin air!
The magic dart hits you!
You barely miss something.
You hear some strange, mumbled words.
A magic dart appears from out of thin air!
The magic dart hits you!
You die...

### .o# #o# #{#
#@# #.# ###
###(# ..# #...#
#.# #.### #.#
#.# #.# #.#
####.#### #.#
†.......######.#


You could see 2 orcs.

Vanquished Creatures
  6 adders
  An ooze (D:1)
  2 worms
  A dart slug (D:2)
  A leopard gecko (D:3)
  2 orcs (D:3)
  7 bats
  4 giant cockroaches (D:2)
  5 goblins
  5 hobgoblins
  2 ball pythons
  7 frilled lizards
  6 kobolds
  6 rats
55 creatures vanquished.

Notes
Turn   | Place    | Note
-------+----------+-------------------------------------------
     0 | D:1      | Borgoz the Gargoyle Gladiator began the quest for the Orb.
     0 | D:1      | Reached XP level 1. HP: 12/12 MP: 1/1
    65 | D:1      | You fall through a shaft!
    76 | D:2      | Reached XP level 2. HP: 11/17 MP: 2/2
   754 | D:1      | Reached XP level 3. HP: 14/22 MP: 3/3
  1322 | D:2      | Reached skill level 1 in Armour
  1357 | D:2      | Reached XP level 4. HP: 11/27 MP: 4/4
  1982 | D:3      | Found a snail-covered altar of Cheibriados.
  2270 | D:3      | Reached XP level 5. HP: 32/32 MP: 5/5
  2337 | D:3      | Killed from afar by an orc wizard

Skill      XL: |  1  2  3  4 |
---------------+-------------+-----
Axes           | 3 |  3.5
Dodging        | 3 |  3.2
Armour         | 1 |  1.8
Fighting       | 3 |  3.0
Throwing       | |  1.7

Action                   |  1- 3 |  4- 6 || total
-------------------------+-------+-------++-------
Melee: War axe           |   117 |   102 ||   219
  Eat: Chunk             |     1 |     4 ||     5
Armor: Leather armour    |    55 |    22 ||    77
Dodge: Dodged            |   113 |    71 ||   184
